Pick #1

Connor Bedard
Pick #2

Leo Carlsson
Pick #3

Adam Fantilli
Pick #4

Matvei Michkov
Pick #5

David Reinbacher
Pick #6

William Smith
Pick #7

Zachary Benson
Pick #8

Ryan Leonard
Pick #9

Gabriel Perreault
Pick #10

Axel Sandin-Pellika
Pick #11

Daniil But
Pick #12

Dalibor Dvorsky
Pick #13

Quentin Musty
Pick #14

Brayden Yager
Pick #15

Dmitry Simashev
Pick #16

Colby Barlow
Pick #17

Andrew Cristall
Pick #18

Easton Cowan
Pick #19

Jacob Fowler
Pick #20

Oliver Moore
Pick #21

Oliver Bonk
Pick #22

Tom Willander
Pick #23

Calum Ritchie
Pick #24

Tanner Molendyk
Pick #25

Gavin Brindley
Pick #26

Nate Danielson
Pick #27

Pick #28

Pick #29

Pick #30

Pick #31

Pick #32

Pick #33

Pick #34

Pick #35

Pick #36

Pick #37

Pick #38

Pick #39

Pick #40

Pick #41

Pick #42

Pick #43

Pick #44

Pick #45

Pick #46

Pick #47

Pick #48

Pick #49

Pick #50

Pick #51

Pick #52

Pick #53

Pick #54

Pick #55

Pick #56

Pick #57

Pick #58

Pick #59

Pick #60

Pick #61

Pick #62

Pick #63

Pick #64

Pick #65

Pick #66

Pick #67

Pick #68

Pick #69

Pick #70

Pick #71

Pick #72

Pick #73

Pick #74

Pick #75

Pick #76

Pick #77

Pick #78

Pick #79

Pick #80

Pick #81

Pick #82

Pick #83

Pick #84

Pick #85

Pick #86

Pick #87

Pick #88

Pick #89

Pick #90

Pick #91

Pick #92

Pick #93

Pick #94

Pick #95

Pick #96

Pick #97

Pick #98

Pick #99

Pick #100

Pick #101

Pick #102

Pick #103

Pick #104

Pick #105

Pick #106

Pick #107

Pick #108

Pick #109

Pick #110

Pick #111

Pick #112

Pick #113

Pick #114

Pick #115

Pick #116

Pick #117

Pick #118

Pick #119

Pick #120

Pick #121

Pick #122

Pick #123

Pick #124

Pick #125

Pick #126

Pick #127

Pick #128

Pick #129

Pick #130

Full Scoreboard »»

Avalanche vs Ducks

Created - January 26, 2024 at 23:14

Goals
1 2 3 T
Avalanche 0 1 0 1
Ducks 0 0 0 0
Shots
1 2 3 T
Avalanche 6 16 7 29
Ducks 5 8 12 25

GoalsPenalties
1st period
No Goal
Rasmus Dahlin (ANA) for Hooking (Minor) at 8:41
Eeli Tolvanen (COL) for Holding (Minor) at 10:51
2nd period
1. Avalanche , Mikko Rantanen 23 (Michael Anderson 13, Josh Norris 19) at 5:38
Max Pacioretty (COL) for Hooking (Minor) at 6:15
Phillip Danault (ANA) for Holding (Minor) at 16:15
Frederik Andersen (ANA) for Slashing (Minor) at 18:39 - Zach Hyman served the penalty.
3rd period
No Goal
Alexandre Carrier (COL) for Holding (Minor) at 0:10
Tim Stutzle (COL) for High sticking (Minor) at 17:56
Goalie Stats
Stuart Skinner (COL), 25 saves from 25 shots - (1.000), W, 14-5-2, 60:00 minutes
Frederik Andersen (ANA), 28 saves from 29 shots - (0.966), L, 23-18-3, 59:09 minutes
3 StarsOfficial
1 - Stuart Skinner (COL)
2 - Frederik Andersen (ANA)
3 - Mikko Rantanen (COL)
Referees : Shaun Davis and Furman South
Linesman : Luke Galvin and Ryan Daisy
Game Note
No Game Note
Finance
Level 1 -- Attendance: 6261 (96.32%) -- Ticket Income $688,710
Level 2 -- Attendance: 4764 (95.28%) -- Ticket Income $357,300
Level 3 -- Attendance: 2600 (100.00%) -- Ticket Income $145,600
Level 4 -- Attendance: 2074 (100.00%) -- Ticket Income $82,960
Luxury Box -- Attendance: 938 (93.80%) -- Ticket Income $186,662
Game was played at the Honda Center.
Total Attendance: 16637 (96.87%)
Total Ticket Income: $1,461,232
Other Income: $365,308
Total Income: $1,826,540



Team Name Goals Shots Shots Attemp Shots Blocked PIM HIT PP PK FO%
Avalanche 1295398260 / 3 (0%)048%
Ducks 0255166220 / 4 (0%)052%

Avalanche
Player Name POS G A P +/- PIM HIT SHT SB MP PP MP PP SHT PK MP PK SHT FO% FOT
Adam HenriqueC0000000017:040:0003:07041% 17
Alexandre CarrierD0000232221:582:3910:0000% 0
Artem ZubD0000072323:100:0003:5100% 0
Blake WheelerRW0000010015:120:0001:1500% 1
Colton ParaykoD0000012222:212:4013:5100% 0
Connor DewarC000001007:210:0004:21050% 2
Eeli TolvanenRW000020002:590:0000:0000% 0
Jonathan ToewsC0000007021:253:1233:59063% 32
Josh NorrisC0111003017:412:1710:00035% 20
Max PaciorettyLW0000241016:132:1700:0000% 2
Michael AndersonD0111030011:540:0000:0000% 0
Mikko RantanenRW1011014019:083:1200:000100% 1
Ross ColtonC000000003:000:0000:00033% 3
Tim StutzleLW0000211020:073:1202:14033% 3
Travis SanheimD0001004118:522:4933:3700% 0
Troy TerryRW0000000014:100:0000:00050% 2
Tyler MyersD0000020121:442:4903:3700% 0
Vladimir TarasenkoRW0001023017:412:1700:000100% 1
Ducks
Player Name POS G A P +/- PIM HIT SHT SB MP PP MP PP SHT PK MP PK SHT FO% FOT
Adam FoxD0000002025:133:1412:5800% 0
Adrian KempeRW0000025022:082:5303:53069% 13
Brayden McNabbD0000020312:330:0000:0000% 0
Claude GirouxRW0000002020:204:3520:0000% 0
Jason RobertsonLW0000004022:082:5323:5300% 3
Joe PavelskiC0000000014:580:0000:00053% 19
Mats ZuccarelloRW000000005:250:0000:0000% 0
Moritz SeiderD000-1030022:144:1402:3100% 0
Nikolaj EhlersLW000000105:210:0000:0000% 0
Patrick KaneRW000-1001014:162:5300:52017% 6
Phillip DanaultC0000220021:354:3501:16052% 25
Pierre-Luc DuboisLW000-1020010:310:0000:0000% 1
Rasmus DahlinD0000262224:063:1411:5200% 0
Ryan McDonaghD0000000113:390:0001:0600% 0
Travis BoydC000-1001010:310:0000:00045% 11
Tyson BarrieD000-1002022:144:1412:3100% 0
Zach HymanLW0000055021:284:3501:040100% 2
Zack MacEwenC000000005:210:0000:000100% 4



Play-by-Play

1st period


0:01 of 1st period - Adam Henrique wins face-off versus Joe Pavelski in neutral zone.
0:21 of 1st period - Blake Wheeler is hit by Rasmus Dahlin and loses puck.
0:49 of 1st period - Adam Henrique is hit by Adrian Kempe and loses puck.
1:20 of 1st period - Zach Hyman is hit by Vladimir Tarasenko and loses puck.
1:59 of 1st period - Off-side.
2:00 of 1st period - Jonathan Toews wins face-off versus Travis Boyd in neutral zone.
2:04 of 1st period - Off-side.
2:05 of 1st period - Jonathan Toews wins face-off versus Travis Boyd in neutral zone.
2:44 of 1st period - Travis Sanheim is hit by Brayden McNabb and loses puck.
3:06 of 1st period - Icing by Artem Zub.
3:07 of 1st period - Zack MacEwen wins face-off versus Ross Colton in Avalanche zone.
4:37 of 1st period - Joe Pavelski is hit by Mikko Rantanen and loses puck.
5:07 of 1st period - Icing by Michael Anderson.
5:08 of 1st period - Jonathan Toews wins face-off versus Phillip Danault in Avalanche zone.
5:08 of 1st period - Tim Stutzle is hit by Phillip Danault and loses puck.
5:17 of 1st period - Shot by Tim Stutzle.
5:17 of 1st period - Shot Misses the Net.
5:23 of 1st period - Shot by Jonathan Toews.
5:23 of 1st period - Shot Blocked by Brayden McNabb.
7:45 of 1st period - Shot by Adrian Kempe.
7:45 of 1st period - Shot Misses the Net.
7:54 of 1st period - Icing by Colton Parayko.
7:55 of 1st period - Phillip Danault wins face-off versus Josh Norris in Avalanche zone.
8:20 of 1st period - Shot by Zach Hyman.
8:20 of 1st period - Stopped by Stuart Skinner without a rebound.
8:21 of 1st period - Travis Boyd wins face-off versus Adam Henrique in Avalanche zone.
8:30 of 1st period - Shot by Adam Henrique.
8:30 of 1st period - Deflect By Blake Wheeler.
8:30 of 1st period - Shot Misses the Net.
8:37 of 1st period - Icing by Rasmus Dahlin.
8:38 of 1st period - Jonathan Toews wins face-off versus Travis Boyd in Ducks zone.
8:38 of 1st period - Jonathan Toews is hit by Rasmus Dahlin.
8:41 of 1st period - Minor Penalty to Rasmus Dahlin for Hooking.
8:42 of 1st period - Jonathan Toews wins face-off versus Adrian Kempe in Ducks zone.
9:03 of 1st period - Shot by Jonathan Toews.
9:03 of 1st period - Stopped by Frederik Andersen without a rebound.
9:04 of 1st period - Adrian Kempe wins face-off versus Josh Norris in Ducks zone.
9:25 of 1st period - Shot by Josh Norris.
9:25 of 1st period - Stopped by Frederik Andersen with a rebound.
9:39 of 1st period - Shot by Phillip Danault.
9:39 of 1st period - Shot Misses the Net.
9:41 of 1st period - Shot by Ryan McDonagh.
9:41 of 1st period - Shot Misses the Net.
9:43 of 1st period - Shot by Phillip Danault.
9:43 of 1st period - Shot Misses the Net.
9:50 of 1st period - Phillip Danault is hit by Tyler Myers and loses puck.
10:27 of 1st period - Shot by Alexandre Carrier.
10:27 of 1st period - Stopped by Frederik Andersen with a rebound.
10:39 of 1st period - Shot by Jonathan Toews.
10:39 of 1st period - Shot Misses the Net.
10:51 of 1st period - Minor Penalty to Eeli Tolvanen for Holding.
10:52 of 1st period - Phillip Danault wins face-off versus Jonathan Toews in Avalanche zone.
10:53 of 1st period - Shot by Claude Giroux.
10:53 of 1st period - Stopped by Stuart Skinner without a rebound.
10:54 of 1st period - Jonathan Toews wins face-off versus Phillip Danault in Avalanche zone.
10:54 of 1st period - Jonathan Toews is hit by Zach Hyman.
11:06 of 1st period - Shot by Claude Giroux.
11:06 of 1st period - Stopped by Stuart Skinner without a rebound.
11:07 of 1st period - Adam Henrique wins face-off versus Patrick Kane in Avalanche zone.
11:34 of 1st period - Shot by Jason Robertson.
11:34 of 1st period - Stopped by Stuart Skinner without a rebound.
11:35 of 1st period - Phillip Danault wins face-off versus Adam Henrique in Avalanche zone.
11:52 of 1st period - Connor Dewar is hit by Zach Hyman.
11:58 of 1st period - Icing by Phillip Danault.
11:59 of 1st period - Phillip Danault wins face-off versus Adam Henrique in Ducks zone.
14:00 of 1st period - Shot by Adam Fox.
14:00 of 1st period - Stopped by Stuart Skinner without a rebound.
14:01 of 1st period - Adam Henrique wins face-off versus Patrick Kane in Avalanche zone.
15:34 of 1st period - Moritz Seider is hit by Blake Wheeler and loses puck.
15:57 of 1st period - Ryan McDonagh is hit by Tim Stutzle and loses puck.
16:50 of 1st period - Shot by Mikko Rantanen.
16:50 of 1st period - Shot Blocked by Brayden McNabb.
16:52 of 1st period - Shot by Artem Zub.
16:52 of 1st period - Shot Misses the Net.
16:54 of 1st period - Shot by Josh Norris.
16:54 of 1st period - Stopped by Frederik Andersen without a rebound.
16:55 of 1st period - Travis Boyd wins face-off versus Ross Colton in Ducks zone.
16:59 of 1st period - Pierre-Luc Dubois is hit by Alexandre Carrier.
17:06 of 1st period - Off-side.
17:07 of 1st period - Zack MacEwen wins face-off versus Josh Norris in neutral zone.
17:12 of 1st period - Shot by Nikolaj Ehlers.
17:12 of 1st period - Shot Misses the Net.
17:26 of 1st period - Shot by Vladimir Tarasenko.
17:26 of 1st period - Stopped by Frederik Andersen with a rebound.
17:28 of 1st period - Shot by Artem Zub.
17:28 of 1st period - Shot Misses the Net.
17:30 of 1st period - Shot by Alexandre Carrier.
17:30 of 1st period - Stopped by Frederik Andersen without a rebound.
17:31 of 1st period - Ross Colton wins face-off versus Phillip Danault in Ducks zone.
18:04 of 1st period - Icing by Moritz Seider.
18:05 of 1st period - Phillip Danault wins face-off versus Jonathan Toews in Ducks zone.
19:35 of 1st period - Icing by Tyler Myers.
19:36 of 1st period - Zack MacEwen wins face-off versus Adam Henrique in Avalanche zone.
Goals for this period are 0 for Avalanche vs 0 for Ducks.
Shots for this period are 6 for Avalanche vs 5 for Ducks.

2nd period


0:01 of 2nd period - Jonathan Toews wins face-off versus Phillip Danault in neutral zone.
0:05 of 2nd period - Icing by Adam Fox.
0:06 of 2nd period - Zach Hyman wins face-off versus Jonathan Toews in Ducks zone.
0:22 of 2nd period - Shot by Jonathan Toews.
0:22 of 2nd period - Shot Misses the Net.
0:24 of 2nd period - Shot by Artem Zub.
0:24 of 2nd period - Stopped by Frederik Andersen with a rebound.
0:34 of 2nd period - Shot by Troy Terry.
0:34 of 2nd period - Shot Misses the Net.
0:36 of 2nd period - Shot by Jonathan Toews.
0:36 of 2nd period - Stopped by Frederik Andersen with a rebound.
0:38 of 2nd period - Shot by Jonathan Toews.
0:38 of 2nd period - Shot Misses the Net.
0:40 of 2nd period - Shot by Jonathan Toews.
0:40 of 2nd period - Stopped by Frederik Andersen with a rebound.
1:28 of 2nd period - Icing by Vladimir Tarasenko.
1:29 of 2nd period - Travis Boyd wins face-off versus Josh Norris in Avalanche zone.
1:37 of 2nd period - Icing by Ryan McDonagh.
1:38 of 2nd period - Travis Boyd wins face-off versus Adam Henrique in Ducks zone.
2:07 of 2nd period - Blake Wheeler is hit by Pierre-Luc Dubois and loses puck.
2:25 of 2nd period - Off-side.
2:26 of 2nd period - Jonathan Toews wins face-off versus Joe Pavelski in neutral zone.
2:28 of 2nd period - Off-side.
2:29 of 2nd period - Jonathan Toews wins face-off versus Joe Pavelski in neutral zone.
2:45 of 2nd period - Adrian Kempe is hit by Artem Zub and loses puck.
2:48 of 2nd period - Shot by Tyson Barrie.
2:48 of 2nd period - Stopped by Stuart Skinner without a rebound.
2:49 of 2nd period - Josh Norris wins face-off versus Phillip Danault in Avalanche zone.
2:49 of 2nd period - Josh Norris is hit by Zach Hyman.
3:01 of 2nd period - Shot by Josh Norris.
3:01 of 2nd period - Shot Blocked by Rasmus Dahlin.
3:05 of 2nd period - Shot by Vladimir Tarasenko.
3:05 of 2nd period - Stopped by Frederik Andersen with a rebound.
3:17 of 2nd period - Shot by Mikko Rantanen.
3:17 of 2nd period - Stopped by Frederik Andersen without a rebound.
3:18 of 2nd period - Jonathan Toews wins face-off versus Joe Pavelski in Ducks zone.
3:33 of 2nd period - Shot by Joe Pavelski.
3:33 of 2nd period - Shot Misses the Net.
3:43 of 2nd period - Shot by Jason Robertson.
3:43 of 2nd period - Shot Misses the Net.
3:45 of 2nd period - Shot by Moritz Seider.
3:45 of 2nd period - Shot Misses the Net.
5:12 of 2nd period - Icing by Rasmus Dahlin.
5:13 of 2nd period - Phillip Danault wins face-off versus Josh Norris in Ducks zone.
5:25 of 2nd period - Mikko Rantanen is hit by Moritz Seider and loses puck.
5:38 of 2nd period - Shot by Mikko Rantanen.
5:38 of 2nd period - Goal by Mikko Rantanen - Avalanche : 1 - Ducks : 0.
5:39 of 2nd period - Joe Pavelski wins face-off versus Adam Henrique in neutral zone.
5:39 of 2nd period - Joe Pavelski is hit by Max Pacioretty.
5:44 of 2nd period - Adrian Kempe is hit by Max Pacioretty and loses puck.
5:56 of 2nd period - Shot by Adrian Kempe.
5:56 of 2nd period - Shot Misses the Net.
5:59 of 2nd period - Adrian Kempe is hit by Colton Parayko.
6:15 of 2nd period - Minor Penalty to Max Pacioretty for Hooking.
6:16 of 2nd period - Jonathan Toews wins face-off versus Patrick Kane in Avalanche zone.
7:22 of 2nd period - Shot by Adam Fox.
7:22 of 2nd period - Stopped by Stuart Skinner without a rebound.
7:23 of 2nd period - Phillip Danault wins face-off versus Jonathan Toews in Avalanche zone.
8:34 of 2nd period - Mats Zuccarello is hit by Michael Anderson and loses puck.
9:58 of 2nd period - Shot by Tim Stutzle.
9:58 of 2nd period - Shot Misses the Net.
10:00 of 2nd period - Shot by Jonathan Toews.
10:00 of 2nd period - Stopped by Frederik Andersen without a rebound.
10:01 of 2nd period - Connor Dewar wins face-off versus Jason Robertson in Ducks zone.
10:13 of 2nd period - Rasmus Dahlin is hit by Connor Dewar and loses puck.
10:17 of 2nd period - Rasmus Dahlin is hit by Tyler Myers and loses puck.
11:01 of 2nd period - Phillip Danault is hit by Michael Anderson and loses puck.
11:53 of 2nd period - Shot by Adam Henrique.
11:53 of 2nd period - Shot Misses the Net.
12:07 of 2nd period - Shot by Patrick Kane.
12:07 of 2nd period - Stopped by Stuart Skinner without a rebound.
12:08 of 2nd period - Zack MacEwen wins face-off versus Jonathan Toews in Avalanche zone.
12:26 of 2nd period - Icing by Tyler Myers.
12:27 of 2nd period - Troy Terry wins face-off versus Joe Pavelski in Avalanche zone.
12:27 of 2nd period - Troy Terry is hit by Adrian Kempe.
12:35 of 2nd period - Shot by Jonathan Toews.
12:35 of 2nd period - Stopped by Frederik Andersen without a rebound.
12:36 of 2nd period - Adam Henrique wins face-off versus Jason Robertson in Ducks zone.
12:44 of 2nd period - Icing by Rasmus Dahlin.
12:45 of 2nd period - Adrian Kempe wins face-off versus Blake Wheeler in Ducks zone.
12:45 of 2nd period - Adrian Kempe is hit by Max Pacioretty.
12:52 of 2nd period - Rasmus Dahlin is hit by Artem Zub and loses puck.
13:21 of 2nd period - Shot by Jason Robertson.
13:21 of 2nd period - Shot Misses the Net.
13:23 of 2nd period - Shot by Adrian Kempe.
13:23 of 2nd period - Stopped by Stuart Skinner without a rebound.
13:24 of 2nd period - Phillip Danault wins face-off versus Jonathan Toews in Avalanche zone.
13:53 of 2nd period - Shot by Zach Hyman.
13:53 of 2nd period - Stopped by Stuart Skinner without a rebound.
13:54 of 2nd period - Josh Norris wins face-off versus Travis Boyd in Avalanche zone.
14:57 of 2nd period - Phillip Danault is hit by Max Pacioretty.
15:01 of 2nd period - Shot by Max Pacioretty.
15:01 of 2nd period - Stopped by Frederik Andersen without a rebound.
15:02 of 2nd period - Joe Pavelski wins face-off versus Jonathan Toews in Ducks zone.
15:17 of 2nd period - Shot by Jason Robertson.
15:17 of 2nd period - Stopped by Stuart Skinner without a rebound.
15:18 of 2nd period - Adam Henrique wins face-off versus Phillip Danault in Avalanche zone.
15:18 of 2nd period - Adam Henrique is hit by Zach Hyman.
15:30 of 2nd period - Shot by Zach Hyman.
15:30 of 2nd period - Stopped by Stuart Skinner without a rebound.
15:31 of 2nd period - Joe Pavelski wins face-off versus Jonathan Toews in Avalanche zone.
15:38 of 2nd period - Shot by Adrian Kempe.
15:38 of 2nd period - Shot Misses the Net.
15:40 of 2nd period - Shot by Adam Fox.
15:40 of 2nd period - Shot Misses the Net.
15:42 of 2nd period - Shot by Adrian Kempe.
15:42 of 2nd period - Stopped by Stuart Skinner without a rebound.
15:43 of 2nd period - Phillip Danault wins face-off versus Max Pacioretty in Avalanche zone.
15:53 of 2nd period - Colton Parayko is hit by Moritz Seider.
15:58 of 2nd period - Icing by Claude Giroux.
15:59 of 2nd period - Phillip Danault wins face-off versus Jonathan Toews in Ducks zone.
16:15 of 2nd period - Minor Penalty to Phillip Danault for Holding.
16:16 of 2nd period - Josh Norris wins face-off versus Adrian Kempe in Ducks zone.
16:17 of 2nd period - Shot by Travis Sanheim.
16:17 of 2nd period - Stopped by Frederik Andersen without a rebound.
16:18 of 2nd period - Adrian Kempe wins face-off versus Tim Stutzle in Ducks zone.
16:45 of 2nd period - Shot by Jonathan Toews.
16:45 of 2nd period - Stopped by Frederik Andersen without a rebound.
16:46 of 2nd period - Adrian Kempe wins face-off versus Josh Norris in Ducks zone.
17:07 of 2nd period - Shot by Travis Sanheim.
17:07 of 2nd period - Stopped by Frederik Andersen without a rebound.
17:08 of 2nd period - Jonathan Toews wins face-off versus Adrian Kempe in Ducks zone.
17:25 of 2nd period - Shot by Moritz Seider.
17:25 of 2nd period - Shot Misses the Net.
17:47 of 2nd period - Shot by Mikko Rantanen.
17:47 of 2nd period - Deflect By Tim Stutzle.
17:47 of 2nd period - Shot Blocked by Rasmus Dahlin.
17:49 of 2nd period - Shot by Colton Parayko.
17:49 of 2nd period - Stopped by Frederik Andersen without a rebound.
17:50 of 2nd period - Josh Norris wins face-off versus Patrick Kane in Ducks zone.
17:55 of 2nd period - Shot by Travis Sanheim.
17:55 of 2nd period - Stopped by Frederik Andersen without a rebound.
17:56 of 2nd period - Adrian Kempe wins face-off versus Josh Norris in Ducks zone.
18:15 of 2nd period - Shot by Vladimir Tarasenko.
18:15 of 2nd period - Shot Misses the Net.
18:22 of 2nd period - Ross Colton is hit by Rasmus Dahlin and loses puck.
18:35 of 2nd period - Shot by Eeli Tolvanen.
18:35 of 2nd period - Shot Misses the Net.
18:37 of 2nd period - Shot by Connor Dewar.
18:37 of 2nd period - Shot Misses the Net.
18:39 of 2nd period - Shot by Artem Zub.
18:39 of 2nd period - Stopped by Frederik Andersen without a rebound.
18:39 of 2nd period - Minor Penalty to Frederik Andersen for Slashing.
18:40 of 2nd period - Adrian Kempe wins face-off versus Jonathan Toews in Ducks zone.
19:08 of 2nd period - Icing by Tyler Myers.
19:09 of 2nd period - Jonathan Toews wins face-off versus Phillip Danault in Avalanche zone.
19:09 of 2nd period - Jonathan Toews is hit by Phillip Danault.
19:35 of 2nd period - Shot by Mikko Rantanen.
19:35 of 2nd period - Deflect By Jonathan Toews.
19:35 of 2nd period - Stopped by Frederik Andersen without a rebound.
19:36 of 2nd period - Adrian Kempe wins face-off versus Josh Norris in Ducks zone.
19:44 of 2nd period - Icing by Colton Parayko.
19:45 of 2nd period - Adrian Kempe wins face-off versus Josh Norris in Avalanche zone.
19:45 of 2nd period - Tyson Barrie is hit by Alexandre Carrier and loses puck.
Goals for this period are 1 for Avalanche vs 0 for Ducks.
Shots for this period are 16 for Avalanche vs 8 for Ducks.

3rd period


0:01 of 3rd period - Jonathan Toews wins face-off versus Adrian Kempe in neutral zone.
0:10 of 3rd period - Minor Penalty to Alexandre Carrier for Holding.
0:11 of 3rd period - Tim Stutzle wins face-off versus Jason Robertson in Avalanche zone.
0:38 of 3rd period - Shot by Mikko Rantanen.
0:38 of 3rd period - Shot Misses the Net.
0:43 of 3rd period - Icing by Moritz Seider.
0:44 of 3rd period - Jonathan Toews wins face-off versus Phillip Danault in Ducks zone.
1:17 of 3rd period - Shot by Tyson Barrie.
1:17 of 3rd period - Stopped by Stuart Skinner with a rebound.
2:07 of 3rd period - Shot by Adrian Kempe.
2:07 of 3rd period - Shot Blocked by Colton Parayko.
2:27 of 3rd period - Shot by Nikolaj Ehlers.
2:27 of 3rd period - Stopped by Stuart Skinner without a rebound.
2:28 of 3rd period - Adam Henrique wins face-off versus Joe Pavelski in Avalanche zone.
2:43 of 3rd period - Shot by Adrian Kempe.
2:43 of 3rd period - Stopped by Stuart Skinner without a rebound.
2:44 of 3rd period - Josh Norris wins face-off versus Travis Boyd in Avalanche zone.
3:17 of 3rd period - Shot by Mikko Rantanen.
3:17 of 3rd period - Deflect By Josh Norris.
3:17 of 3rd period - Stopped by Frederik Andersen without a rebound.
3:18 of 3rd period - Jonathan Toews wins face-off versus Joe Pavelski in Ducks zone.
3:28 of 3rd period - Off-side.
3:29 of 3rd period - Phillip Danault wins face-off versus Adam Henrique in neutral zone.
4:41 of 3rd period - Shot by Joe Pavelski.
4:41 of 3rd period - Shot Misses the Net.
4:43 of 3rd period - Shot by Adam Fox.
4:43 of 3rd period - Shot Blocked by Colton Parayko.
6:03 of 3rd period - Shot by Pierre-Luc Dubois.
6:03 of 3rd period - Deflect By Travis Boyd.
6:03 of 3rd period - Shot Misses the Net.
6:28 of 3rd period - Adam Henrique is hit by Moritz Seider.
6:30 of 3rd period - Shot by Max Pacioretty.
6:30 of 3rd period - Shot Misses the Net.
6:39 of 3rd period - Moritz Seider is hit by Artem Zub and loses puck.
7:40 of 3rd period - Icing by Adam Henrique.
7:41 of 3rd period - Adrian Kempe wins face-off versus Adam Henrique in Avalanche zone.
7:41 of 3rd period - Jason Robertson is hit by Artem Zub.
7:44 of 3rd period - Icing by Artem Zub.
7:45 of 3rd period - Joe Pavelski wins face-off versus Max Pacioretty in Avalanche zone.
7:49 of 3rd period - Jason Robertson is hit by Artem Zub and loses puck.
7:53 of 3rd period - Adrian Kempe is hit by Artem Zub and loses puck.
8:01 of 3rd period - Adrian Kempe is hit by Artem Zub.
8:05 of 3rd period - Shot by Jason Robertson.
8:05 of 3rd period - Stopped by Stuart Skinner without a rebound.
8:06 of 3rd period - Jonathan Toews wins face-off versus Pierre-Luc Dubois in Avalanche zone.
8:06 of 3rd period - Jonathan Toews is hit by Pierre-Luc Dubois.
8:26 of 3rd period - Shot by Tim Stutzle.
8:26 of 3rd period - Stopped by Frederik Andersen without a rebound.
8:27 of 3rd period - Mikko Rantanen wins face-off versus Joe Pavelski in Ducks zone.
8:36 of 3rd period - Shot by Mikko Rantanen.
8:36 of 3rd period - Stopped by Frederik Andersen without a rebound.
8:37 of 3rd period - Jonathan Toews wins face-off versus Phillip Danault in Ducks zone.
8:44 of 3rd period - Shot by Tim Stutzle.
8:44 of 3rd period - Deflect By Jonathan Toews.
8:44 of 3rd period - Shot Misses the Net.
8:56 of 3rd period - Shot by Claude Giroux.
8:56 of 3rd period - Shot Misses the Net.
8:58 of 3rd period - Shot by Zach Hyman.
8:58 of 3rd period - Stopped by Stuart Skinner without a rebound.
8:59 of 3rd period - Joe Pavelski wins face-off versus Josh Norris in Avalanche zone.
9:40 of 3rd period - Shot by Mikko Rantanen.
9:40 of 3rd period - Stopped by Frederik Andersen without a rebound.
9:41 of 3rd period - Phillip Danault wins face-off versus Jonathan Toews in Ducks zone.
9:50 of 3rd period - Shot by Claude Giroux.
9:50 of 3rd period - Shot Blocked by Artem Zub.
9:59 of 3rd period - Tim Stutzle is hit by Rasmus Dahlin.
10:38 of 3rd period - Off-side.
10:39 of 3rd period - Joe Pavelski wins face-off versus Josh Norris in neutral zone.
10:39 of 3rd period - Tyson Barrie is hit by Vladimir Tarasenko and loses puck.
10:44 of 3rd period - Shot by Colton Parayko.
10:44 of 3rd period - Shot Misses the Net.
11:16 of 3rd period - Shot by Adrian Kempe.
11:16 of 3rd period - Shot Blocked by Tyler Myers.
12:10 of 3rd period - Shot by Adam Henrique.
12:10 of 3rd period - Shot Blocked by Brayden McNabb.
12:12 of 3rd period - Shot by Travis Sanheim.
12:12 of 3rd period - Stopped by Frederik Andersen with a rebound.
12:48 of 3rd period - Icing by Tim Stutzle.
12:49 of 3rd period - Jonathan Toews wins face-off versus Phillip Danault in Avalanche zone.
13:00 of 3rd period - Shot by Phillip Danault.
13:00 of 3rd period - Shot Blocked by Alexandre Carrier.
13:15 of 3rd period - Rasmus Dahlin is hit by Alexandre Carrier and loses puck.
13:18 of 3rd period - Shot by Claude Giroux.
13:18 of 3rd period - Shot Blocked by Artem Zub.
13:54 of 3rd period - Shot by Vladimir Tarasenko.
13:54 of 3rd period - Stopped by Frederik Andersen without a rebound.
13:55 of 3rd period - Joe Pavelski wins face-off versus Adam Henrique in Ducks zone.
14:00 of 3rd period - Tyson Barrie is hit by Michael Anderson and loses puck.
14:38 of 3rd period - Off-side.
14:39 of 3rd period - Vladimir Tarasenko wins face-off versus Travis Boyd in neutral zone.
14:57 of 3rd period - Mikko Rantanen is hit by Brayden McNabb and loses puck.
15:10 of 3rd period - Shot by Josh Norris.
15:10 of 3rd period - Shot Blocked by Ryan McDonagh.
15:12 of 3rd period - Shot by Colton Parayko.
15:12 of 3rd period - Stopped by Frederik Andersen without a rebound.
15:13 of 3rd period - Jonathan Toews wins face-off versus Phillip Danault in Ducks zone.
15:13 of 3rd period - Jonathan Toews is hit by Rasmus Dahlin.
15:30 of 3rd period - Troy Terry is hit by Rasmus Dahlin and loses puck.
15:46 of 3rd period - Shot by Zach Hyman.
15:46 of 3rd period - Stopped by Stuart Skinner without a rebound.
15:47 of 3rd period - Josh Norris wins face-off versus Joe Pavelski in Avalanche zone.
15:52 of 3rd period - Shot by Mikko Rantanen.
15:52 of 3rd period - Shot Misses the Net.
16:04 of 3rd period - Shot by Adrian Kempe.
16:04 of 3rd period - Stopped by Stuart Skinner without a rebound.
16:05 of 3rd period - Travis Boyd wins face-off versus Adam Henrique in Avalanche zone.
16:18 of 3rd period - Shot by Travis Boyd.
16:18 of 3rd period - Stopped by Stuart Skinner without a rebound.
16:19 of 3rd period - Joe Pavelski wins face-off versus Tim Stutzle in Avalanche zone.
16:24 of 3rd period - Shot by Joe Pavelski.
16:24 of 3rd period - Shot Blocked by Artem Zub.
16:26 of 3rd period - Shot by Adrian Kempe.
16:26 of 3rd period - Stopped by Stuart Skinner without a rebound.
16:27 of 3rd period - Joe Pavelski wins face-off versus Troy Terry in Avalanche zone.
16:30 of 3rd period - Shot by Jason Robertson.
16:30 of 3rd period - Shot Blocked by Alexandre Carrier.
16:32 of 3rd period - Shot by Rasmus Dahlin.
16:32 of 3rd period - Stopped by Stuart Skinner without a rebound.
16:33 of 3rd period - Zach Hyman wins face-off versus Josh Norris in Avalanche zone.
17:06 of 3rd period - Icing by Artem Zub.
17:07 of 3rd period - Joe Pavelski wins face-off versus Josh Norris in Avalanche zone.
17:42 of 3rd period - Icing by Alexandre Carrier.
17:43 of 3rd period - Josh Norris wins face-off versus Phillip Danault in Avalanche zone.
17:43 of 3rd period - Josh Norris is hit by Zach Hyman.
17:56 of 3rd period - Minor Penalty to Tim Stutzle for High sticking.
17:57 of 3rd period - Patrick Kane wins face-off versus Connor Dewar in Avalanche zone.
18:06 of 3rd period - Shot by Rasmus Dahlin.
18:06 of 3rd period - Stopped by Stuart Skinner without a rebound.
18:07 of 3rd period - Phillip Danault wins face-off versus Jonathan Toews in Avalanche zone.
18:10 of 3rd period - Shot by Rasmus Dahlin.
18:10 of 3rd period - Shot Misses the Net.
18:34 of 3rd period - Shot by Zach Hyman.
18:34 of 3rd period - Shot Blocked by Travis Sanheim.
19:09 of 3rd period - Ducks, Frederik Andersen is pulled from the net.
19:30 of 3rd period - Shot by Jason Robertson.
19:30 of 3rd period - Stopped by Stuart Skinner without a rebound.
19:31 of 3rd period - Adam Henrique wins face-off versus Patrick Kane in Avalanche zone.
Goals for this period are 0 for Avalanche vs 0 for Ducks.
Shots for this period are 7 for Avalanche vs 12 for Ducks.